 Dungeon Crawl Stone Soup version 0.21.0-26-g889b8f6 (webtiles) character file.

464 Firecrotchwizard the Poker (level 6, -16/52 HPs)
             Began as a Centaur Gladiator on Jan 28, 2018.
             Was an Initiate of Makhleb.
             Demolished by an ogre
             ... wielding a +0 giant club
              (26 damage)
             ... on level 4 of the Dungeon.
             The game lasted 00:08:11 (4260 turns).

Firecrotchwizard the Poker (Centaur Gladiator)      Turns: 4260, Time: 00:08:11

Health: -16/52     AC:  7    Str: 17    XL:     6   Next: 80%
Magic:  7/7        EV:  9    Int:  7    God:    Makhleb [......]
Gold:   179        SH:  0    Dex: 12    Spells: 5/5 levels left

rFire    . . .     SeeInvis .   a - +0 trident
rCold    + . .     Gourm    .   (no shield)
rNeg     . . .     Faith    .   i - +1 ring mail {rC+}
rPois    .         Spirit   .   c - +0 helmet
rElec    .         Reflect  .   (no cloak)
rCorr    .         Harm     .   (no gloves)
MR       .....                  (no barding)
Stlth    ..........             (no amulet)
HPRegen  0.17/turn              (no ring)
MPRegen  0.10/turn              (no ring)

@: very quick
A: large, hooves 3, deformed body, speed 2, tough skin 3
a: Renounce Religion


You were on level 4 of the Dungeon.
You worshipped Makhleb.
Makhleb was noncommittal.
You were not hungry.

You visited 1 branch of the dungeon, and saw 4 of its levels.
You also visited: Sewer.

You collected 179 gold pieces.

Inventory:

Hand Weapons
 a - a +0 trident (weapon)
 m - a +0 dagger of flaming
   (You took it off a kobold on level 1 of the Dungeon)
Missiles
 d - 5 throwing nets {=f, !d}
Armour
 b - a +0 leather armour
 c - a +0 helmet (worn)
 i - a +1 ring mail of cold resistance (worn)
   (You found it on level 1 of the Dungeon)
Scrolls
 e - 2 scrolls of remove curse {unknown}
 h - a scroll of noise {unknown}
 k - 2 scrolls of fog {unknown}
 o - 3 scrolls of identify {unknown}
 q - a scroll of amnesia {unknown}
 t - 4 scrolls of teleportation {unknown}
 u - a scroll of fear {unknown}
 v - a scroll of immolation {unknown}
Potions
 g - 3 potions of agility {unknown}
 j - a potion of curing {unknown}
 l - a potion of heal wounds {unknown}
 n - a potion of brilliance {unknown}
 p - 2 potions of degeneration {unknown}
 r - a potion of invisibility {unknown}
 w - a potion of haste {unknown}
Comestibles
 f - 4 rations {@e1}
 s - 2 chunks of flesh {@w0}


   Skills:
 + Level 4.2 Fighting
 * Level 5.9 Polearms
 - Level 2.1 Throwing
 - Level 2.1 Dodging
 + Level 1.6 Invocations


You had 5 spell levels left.
You didn't know any spells.

Dungeon Overview and Level Annotations

Branches:
Dungeon (4/15)
 Temple: D:4-7

Altars:
Ashenzari
Elyvilon
Fedhas
Makhleb

Annotations:
D:4 AllAloneInSpace's ghost, amateur GnSu


Innate Abilities, Weirdness & Mutations

You have hooves in place of feet.
Armour fits poorly on your strangely shaped body.
You cover ground very quickly.
You have extremely tough skin. (AC +3)


Message History

You take 1 damage, and have 27/52 hp.
Your ring mail prevents you from hitting the orc.
You kick the orc.
You kill the orc!
Makhleb accepts your kill. The orc hits you but does no damage.
You completely miss the orc. The orc closely misses you.
MP restored: 7 You closely miss the orc.
Your kick misses the orc. The orc hits you but does no damage.
You hit the orc.
You kill the orc!
Makhleb accepts your kill.
There is a stone staircase leading up here.
Things that are here:
a short sword; an orc corpse You butcher the orc corpse.
A hound comes into view.
Things that are here:
a short sword; 2 chunks of flesh {@w0} The hound barks!
Things that are here:
a falchion; a runed leather armour; an orc corpse You butcher the orc corpse.
Things that are here:
a falchion; a runed leather armour; a chunk of flesh {@w0} There isn't anything to butcher here.
You miss the hound. The hound bites you.
You take 4 damage, and have 24/52 hp.
You closely miss the hound. Your kick misses the hound.
The hound closely misses you.
You hit the hound but do no damage. Your kick misses the hound.
The hound bites you. The hound bites you but does no damage.
You take 2 damage, and have 22/52 hp.
You hit the hound. Your kick misses the hound. The hound barely misses you.
You completely miss the hound. You kick the hound.
The hound bites you but does no damage. x2
You hit the hound. You kick the hound. The hound bites you.
You take 3 damage, and have 20/52 hp.
You barely miss the hound. The hound barely misses you. x2
You barely miss the hound. The hound bites you but does no damage.
You closely miss the hound. You kick the hound.
The hound bites you but does no damage. The hound closely misses you.
You barely miss the hound. You kick the hound.
You kill the hound!
Makhleb accepts your kill.
You see here a hound corpse.
You butcher the hound corpse.
s - 2 chunks of flesh {@w0}
s - 3 chunks of flesh {@w0} (gained 1)
Things that are here:
a falchion; a runed leather armour
s - 5 chunks of flesh {@w0} (gained 2)
You see here a short sword.
You start resting.
Health restored: 52
t - 4 scrolls labeled MISHRO LUOKH (gained 1)
An ogre comes into view. It is wielding a giant club.
Attack whom?
Aim: an ogre, wielding a giant club You reach to attack!
You hit the ogre.
Attack whom?
Aim: an ogre, wielding a giant club (lightly wounded)
You reach to attack!
Your ring mail prevents you from hitting the ogre.
You closely miss the ogre. You kick the ogre, but do no damage.
The ogre hits you with a giant club!!
Ouch! That really hurt!
Some of the chunks of flesh in your inventory have rotted away.
You take 28 damage, and have 24/52 hp.
MASSIVE DAMAGE!!
You are too injured to fight recklessly!
Attack whom?
Aim: an ogre, wielding a giant club (lightly wounded)
You reach to attack!
You hit the ogre.
Attack whom?
Aim: an ogre, wielding a giant club (lightly wounded)
You reach to attack!
You barely miss the ogre.
Attack whom?
Aim: an ogre, wielding a giant club (lightly wounded)
You reach to attack!
You closely miss the ogre.
Attack whom?
Aim: an ogre, wielding a giant club (lightly wounded)
You reach to attack!
You puncture the ogre!
Attack whom?
Aim: an ogre, wielding a giant club (heavily wounded)
You reach to attack!
You hit the ogre.
Attack whom?
Aim: an ogre, wielding a giant club (heavily wounded)
You reach to attack!
You puncture the ogre! The ogre hits you with a giant club!
* * * LOW HITPOINT WARNING * * *
You take 17 damage, and have 10/52 hp.
MASSIVE DAMAGE!!
AllAloneInSpace's ghost turns its malevolent gaze towards you.
Attack whom?
Aim: an ogre, wielding a giant club (severely wounded)
You reach to attack!
You hit the ogre. The ogre hits you with a giant club!!
Ouch! That really hurt!
You die...

......)<..# #......# .........
......)...# #......# .........
.........)# #......# ........
..........# #......###. .......
.....##########.........>###.....
)....................W...........
.....##########...............(.#
................O................
.....###########@#.......###....#
..?..# #.#......[ #.....
......... ..#######. #.....
.......... #### ###.....
........## #.'...r. ..........
#.#..... ........## #.#...r.
..####### #.#..... ........#
#.#....#


You could see an ogre and AllAloneInSpace's ghost.

Vanquished Creatures
  The ghost of Nornya the Chopper, an amateur MiMo (D:3)
  A howler monkey (D:4)
  2 hounds (D:4)
  An orc priest (D:4)
  An orc wizard (D:4)
  An iguana (D:4)
  A worker ant (D:4)
  4 adders
  4 gnolls (D:2)
  3 oozes
  3 worms
  A dart slug (D:1)
  A leopard gecko (Sewer)
  8 orcs
  3 ball pythons (D:3)
  11 bats
  A giant cockroach (D:4)
  5 goblins
  2 hobgoblins
  4 jackals (Sewer)
  5 frilled lizards
  6 kobolds
  17 rats
86 creatures vanquished.

Notes
Turn   | Place    | Note
-------+----------+-------------------------------------------
     0 | D:1      | Firecrotchwizard the Centaur Gladiator began the quest for the Orb.
     0 | D:1      | Reached XP level 1. HP: 17/17 MP: 1/1
    28 | D:1      | Reached skill level 3 in Polearms
    34 | D:1      | Reached XP level 2. HP: 20/24 MP: 2/2
   805 | D:2      | Reached XP level 3. HP: 28/30 MP: 3/3
  1045 | D:2      | Reached skill level 4 in Polearms
  1045 | D:2      | Reached XP level 4. HP: 32/37 MP: 4/4
  1150 | D:2      | Reached skill level 3 in Fighting
  1290 | D:2      | Found a blossoming altar of Fedhas.
  1711 | D:3      | Noticed Nornya's ghost (amateur MiMo)
  1725 | D:3      | HP: 6/38 [Nornya's ghost (10)]
  1728 | D:3      | Killed Nornya's ghost
  1728 | D:3      | Reached XP level 5. HP: 7/45 MP: 5/5
  2061 | D:3      | Found a white marble altar of Elyvilon.
  2086 | D:3      | Found a glowing drain.
  2097 | Sewer    | Entered a sewer
  2110 | Sewer    | Reached skill level 5 in Polearms
  2535 | D:3      | Found a shattered altar of Ashenzari.
  2778 | D:4      | Found a burning altar of Makhleb.
  2787 | D:4      | Reached XP level 6. HP: 48/52 MP: 6/6
  2792 | D:4      | Became a worshipper of Makhleb the Destroyer
  3037 | D:4      | Reached skill level 4 in Fighting
  3248 | D:4      | Reached skill level 1 in Invocations
  3273 | D:4      | Noticed AllAloneInSpace's ghost (amateur GnSu)
  3631 | D:3      | HP: 13/52 [poisoned by AllAloneInSpace's ghost]
  3637 | D:3      | HP: 11/52 [poisoned by AllAloneInSpace's ghost]
  3643 | D:3      | HP: 10/52 [poisoned by AllAloneInSpace's ghost]
  3651 | D:3      | HP: 10/52 [poisoned by AllAloneInSpace's ghost]
  4256 | D:4      | HP: 10/52 [ogre/giant club (17)]
  4260 | D:4      | Demolished by an ogre

Skill      XL: |  1  2  3  4  5  6 |
---------------+-------------------+-----
Polearms       | 3 4 5 |  5.9
Fighting       | 3 4 |  4.2
Invocations    | 1 |  1.6
Throwing       | |  2.1
Dodging        | |  2.1

Action                   |  1- 3 |  4- 6 || total
-------------------------+-------+-------++-------
Melee: Trident           |    85 |   216 ||   301
       Kick              |    11 |    35 ||    46
  Eat: Chunk             |       |     7 ||     7
       Ration            |       |     1 ||     1
Armor: Leather armour    |    14 |       ||    14
       Ring mail         |    18 |    97 ||   115
Dodge: Dodged            |    41 |    99 ||   140

Vault maps used:
D:1:      erik_arrival_orb_chamber
D:2:      first_ration, fedhas_altar_1
D:3:      overflow_temple_1_default, elyvilon_altar_5,
          cheibrodos_sewer_entry_sluice
D:4:      nicolae_overflow_crystal_walls, minmay_shop_grid_forest
Sewer:    sewer_fruit_machine

Table legend:
 A = Turns spent in this place as a percentage of turns spent in the entire game.
 B = Non-inter-level travel turns spent in this place as a percentage of non-inter-level travel turns spent in the entire game.
 C = Inter-level travel turns spent in this place as a percentage of turns spent in this place.
 D = Turns resting spent in this place as a percentage of non-inter-level travel turns spent in this place.
 E = Turns spent auto-exploring this place as a percentage of non-inter-level travel turns spent in this place.
 F = Non-inter-level travel turns spent in this place divided by the number of levels of this place that you've seen.
                   A       B       C       D       E      F
               +-------+-------+-------+-------+-------+----------------------
         Total | 100.0 | 100.0 |   4.1 |  35.9 |  47.2 | 817.4
       Dungeon |  92.9 |  92.6 |   4.4 |  38.5 |  45.7 | 946.0
         Sewer |   7.1 |   7.4 |   0.0 |   3.6 |  65.3 | 303.0
               +-------+-------+-------+-------+-------+----------------------

Table legend:
 A = Kills in this place as a percentage of kills in entire the game.
 B = Kills by you in this place as a percentage of kills by you in the entire game.
 C = Kills by friends in this place as a percentage of kills by friends in the entire game.
 D = Other kills in this place as a percentage of other kills in the entire game.
 E = Experience gained in this place as a percentage of experience gained in the entire game.
 F = Experience gained in this place divided by the number of levels of this place that you have seen.
                   A       B       C       D       E      F
               +-------+-------+-------+-------+-------+----------------------
         Total | 100.0 | 100.0 |   N/A |   N/A | 100.0 | 132.8
       Dungeon |  81.4 |  81.4 |   N/A |   N/A |  91.6 | 152.0
         Sewer |  18.6 |  18.6 |   N/A |   N/A |   8.4 |  56.0
               +-------+-------+-------+-------+-------+----------------------
